Ice Dragons vs Staline
Created - 12 avril 2016 at 20:40
Goals
|
| Ice Dragons |
1 |
1 |
0 |
2 |
| Staline |
1 |
2 |
0 |
3 |
|
Shots
|
| Ice Dragons |
4 |
11 |
15 |
30 |
| Staline |
4 |
14 |
12 |
30 |
|
1st period
1. Ice Dragons , Oskar Osala 34 (Ian Cole, Patrick O'Sullivan) at 6:50
2. Staline , Andrei Loktionov 45 (Brian Gionta, Philip Larsen) at 12:27 (PP)
Penalties :
Oskar Osala (Kin) for Tripping (Minor) at 8:08, Justin Pogge (Kin) for Slashing (Minor) at 11:47 - Jordan LaVallee served the penalty, Troy Brouwer (Kin) for High sticking (Double Minor) at 13:01
2nd period
3. Ice Dragons , Niklas Sundstrom 34 (Oskar Osala, Patrick O'Sullivan) at 0:16 (PP)
4. Staline , Brian Gionta 32 (Stu Bickel, Andrei Loktionov) at 3:59 (PP)
5. Staline , Stu Bickel 6 (Nick Spaling, Andrei Loktionov) at 8:52 (PP)
Penalties :
Nick Spaling (StJ) for Holding Stick (Minor) at 0:05, Oskar Osala (Kin) for Tripping (Minor) at 3:52, Philip Larsen (StJ) for Roughing (Minor) at 4:10, Francis Bouillon (Kin) for High sticking (Minor) at 8:49, Troy Brouwer (Kin) for Hooking (Minor) at 13:57
3rd period
No Goal
Penalties :
Brian Gionta (StJ) for Roughing (Minor) at 10:34, Ryan Reaves (Kin) for Hooking (Minor) at 14:17
Goalie Stats
Justin Pogge (Kin), 27 saves from 30 shots - (0,900), L, 21-18-4, 58:48 minutes
Tobias Stephan (StJ), 28 saves from 30 shots - (0,933), W, 32-17-2, 60:00 minutes
Players Stats for Ice Dragons
Player Name G A P +/- PIM S H SB GA TA FO MP PP MP PK MP
------------------------------------------------------------------------------------
Boris Valabik 0 0 0 1 0 1 1 0 0 1 0/0 22:59 0:00 5:47
Brayden McNabb 0 0 0 0 0 0 1 1 0 3 0/0 23:35 1:37 4:58
Cal Clutterbuck 0 0 0 1 0 3 1 1 0 0 0/1 22:09 1:53 4:51
Danny Syvret 0 0 0 0 0 3 0 1 0 1 0/0 18:52 0:00 5:43
Francis Bouillon 0 0 0 0 2 2 1 2 1 3 0/0 19:44 1:37 4:53
Ian Cole 0 1 1 1 0 0 0 0 1 1 0/0 18:04 2:32 0:00
Jordan LaVallee 0 0 0 0 0 1 0 0 0 0 2/7 16:16 0:08 4:59
Marek Viedensky 0 0 0 0 0 0 2 0 0 0 2/4 9:11 0:00 2:25
Martin Hanzal 0 0 0 0 0 2 0 0 0 0 8/18 16:18 1:53 0:32
Niklas Sundstrom 1 0 1 0 0 3 0 1 1 0 2/3 19:30 2:08 3:47
Oskar Osala 1 1 2 1 4 6 4 2 0 1 0/0 20:36 2:08 3:03
Patrick O'Sullivan 0 2 2 1 0 3 1 1 0 0 7/17 15:55 2:08 0:00
Raymond Sawada 0 0 0 0 0 2 1 1 0 0 0/0 9:37 0:08 0:00
Ryan Reaves 0 0 0 0 2 0 0 0 0 0 0/0 5:49 0:00 0:00
Slava Voynov 0 0 0 0 0 0 0 0 0 0 0/0 5:58 2:32 0:17
Tomas Kudelka 0 0 0 0 0 0 0 1 0 0 0/0 11:43 0:00 0:11
Troy Brouwer 0 0 0 0 6 3 1 0 0 0 0/0 17:50 1:53 1:38
Tyler Haskins 0 0 0 0 0 1 4 1 1 0 0/5 15:02 0:08 0:00
Players Stats for Staline
Player Name G A P +/- PIM S H SB GA TA FO MP PP MP PK MP
------------------------------------------------------------------------------------
Andrei Loktionov 1 2 3 0 0 6 2 1 2 0 26/39 22:32 5:12 2:08
Brian Gionta 1 1 2 0 2 7 3 2 1 0 0/2 21:32 5:01 1:07
Bryan Bickell 0 0 0 0 0 0 4 1 0 0 0/0 17:36 4:22 1:26
Cody Eakin 0 0 0 0 0 1 0 0 0 0 1/1 7:44 0:04 0:49
David Desharnais 0 0 0 -1 0 1 1 0 1 0 2/3 12:18 1:18 0:00
David Kolomatis 0 0 0 0 0 0 0 1 0 1 0/0 10:46 0:00 0:14
Greg Pateryn 0 0 0 0 0 0 1 0 0 0 0/0 10:43 0:00 0:40
James Sheppard 0 0 0 -1 0 1 0 0 1 0 0/0 12:11 1:13 0:00
Jiri Sekac 0 0 0 0 0 0 0 0 0 0 0/0 7:24 0:17 0:16
Jiri Tlusty 0 0 0 0 0 2 2 0 2 0 0/0 17:01 4:22 0:33
Jordan Caron 0 0 0 -1 0 0 1 0 3 0 1/1 13:14 1:08 1:26
Mark Fraser 0 0 0 -1 0 3 2 2 0 0 0/0 27:28 5:57 2:16
Mark Mitera 0 0 0 0 0 0 1 2 0 1 0/0 22:29 4:49 1:53
Mark Stone 0 0 0 0 0 0 1 1 0 0 0/0 6:51 0:00 0:00
Nick Spaling 0 1 1 0 2 2 1 0 0 1 1/2 20:00 5:01 0:00
Philip Larsen 0 1 1 0 2 2 2 0 0 0 0/0 21:31 4:49 0:59
Stu Bickel 1 1 2 -1 0 3 1 2 0 1 0/0 27:28 5:57 2:16
Yan Stastny 0 0 0 0 0 2 2 0 0 0 3/7 16:59 4:20 0:33
3 Stars
1 - Andrei Loktionov (StJ)
2 - Brian Gionta (StJ)
3 - Oskar Osala (Kin)
Power Play
Ice Dragons - 1 on 4 Attempt(s) - 25,00%
Staline - 3 on 8 Attempt(s) - 37,50%
Penalty Kill
Ice Dragons - 5 on 8 Attempt(s) - 62,50%
- Score 0 goal in Penalty Kill
Staline - 3 on 4 Attempt(s) - 75,00%
- Score 0 goal in Penalty Kill
Team Stat
Ice Dragons - Hits : 17 - Faceoff Wins : 21 - Blocked Shots : 12 - Penalty Minutes : 14
Staline - Hits : 24 - Faceoff Wins : 34 - Blocked Shots : 12 - Penalty Minutes : 6
Official
Referees : Peel Tim and Sutherland Kelly
Linesman : Pierre Champoux and Derek Amell
Game Notes
5:45 of 1st period - Penalty Shot by Stu Bickel for Staline - Shot Misses the Net
8:52 of 2nd period - Staline goal is going for a video replay. After video review, Goal.
Finance
Level 1 -- Attendance: 1381 (69,05%) -- Ticket Income 48 335 $
Level 2 -- Attendance: 752 (75,20%) -- Ticket Income 11 280 $
Total Attendance: 2133 (71,10%)
Total Ticket Income: 59 615 $
Other Income: 2 981 $
Total Income: 62 596 $
Ice Dragons
5 vs 5 Forward
Center Left Wing Right Wing Time % Phy DF OF
1 Patrick O'Sullivan Oskar Osala Cal Clutterbuck 40 1 2 2
2 Martin Hanzal Troy Brouwer Niklas Sundstrom 30 1 2 2
3 Tyler Haskins Jordan LaVallee Raymond Sawada 20 1 2 2
4 Tyler Haskins Marek Viedensky Ryan Reaves 10 1 3 1
5 vs 5 Defense
Defense Defense Time % Phy DF OF
1 Ian Cole Boris Valabik 40 1 2 2
2 Francis Bouillon Brayden McNabb 30 1 2 2
3 Danny Syvret Tomas Kudelka 20 1 2 2
4 Slava Voynov Brayden McNabb 10 1 2 2
PowerPlay Forward
Center Left Wing Right Wing Time % Phy DF OF
1 Patrick O'Sullivan Oskar Osala Niklas Sundstrom 60 1 2 2
2 Martin Hanzal Troy Brouwer Cal Clutterbuck 40 1 2 2
PowerPlay Defense
Defense Defense Time % Phy DF OF
1 Ian Cole Slava Voynov 60 1 2 2
2 Brayden McNabb Francis Bouillon 40 1 2 2
Penalty Kill 4 Players Forward
Center Wing Time % Phy DF OF
1 Jordan LaVallee Cal Clutterbuck 60 1 2 2
2 Niklas Sundstrom Oskar Osala 40 1 2 2
Penalty Kill 4 Players Defense
Defense Defense Time % Phy DF OF
1 Danny Syvret Boris Valabik 60 1 2 2
2 Francis Bouillon Brayden McNabb 40 1 2 2
Penalty Kill - 3 Players Forward
Forward Time % Phy DF OF
1 Oskar Osala 60 1 2 2
2 Niklas Sundstrom 40 1 2 2
Penalty Kill - 3 Players Defense
Defense Defense Time % Phy DF OF
1 Danny Syvret Boris Valabik 60 1 2 2
2 Francis Bouillon Brayden McNabb 40 1 2 2
4 vs 4 Forward
Center Wing Time % Phy DF OF
1 Jordan LaVallee Troy Brouwer 60 1 2 2
2 Niklas Sundstrom Oskar Osala 40 1 2 2
4 vs 4 Defense
Defense Defense Time % Phy DF OF
1 Ian Cole Boris Valabik 60 1 2 2
2 Francis Bouillon Danny Syvret 40 1 2 2
Last Minutes Offensive
Center Left Wing Right Wing Defense Defense
Patrick O'Sullivan Troy Brouwer Cal Clutterbuck Ian Cole Boris Valabik
Last Minutes Defensive
Center Left Wing Right Wing Defense Defense
Martin Hanzal Oskar Osala Niklas Sundstrom Danny Syvret Francis Bouillon
Goaltenders
Starting : Justin Pogge
Backup : Harru Sateri
Extra Forwards
Normal : Martin Hanzal, Tyler Haskins, Cal Clutterbuck - PP : Martin Hanzal, Tyler Haskins - PK : Cal Clutterbuck
Extra Defensemen
Normal : Danny Syvret, Brayden McNabb, Slava Voynov - PP : Danny Syvret - PK : Brayden McNabb, Slava Voynov
Penalty Shots
Martin Hanzal, Cal Clutterbuck, Niklas Sundstrom, Oskar Osala, Troy Brouwer
Staline
5 vs 5 Forward
Center Left Wing Right Wing Time % Phy DF OF
1 Andrei Loktionov Nick Spaling Brian Gionta 40 1 2 2
2 Yan Stastny Bryan Bickell Jiri Tlusty 30 1 2 2
3 David Desharnais James Sheppard Jordan Caron 20 1 2 2
4 Cody Eakin Jiri Sekac Mark Stone 10 1 2 2
5 vs 5 Defense
Defense Defense Time % Phy DF OF
1 Stu Bickel Mark Fraser 40 1 2 2
2 Philip Larsen Mark Mitera 30 1 2 2
3 David Kolomatis Greg Pateryn 20 1 2 2
4 Stu Bickel Mark Fraser 10 1 2 2
PowerPlay Forward
Center Left Wing Right Wing Time % Phy DF OF
1 Andrei Loktionov Nick Spaling Brian Gionta 60 1 2 2
2 Yan Stastny Bryan Bickell Jiri Tlusty 40 1 2 2
PowerPlay Defense
Defense Defense Time % Phy DF OF
1 Stu Bickel Mark Fraser 60 1 2 2
2 Philip Larsen Mark Mitera 40 1 2 2
Penalty Kill 4 Players Forward
Center Wing Time % Phy DF OF
1 Andrei Loktionov Brian Gionta 60 1 2 2
2 Yan Stastny Jiri Tlusty 40 1 2 2
Penalty Kill 4 Players Defense
Defense Defense Time % Phy DF OF
1 Stu Bickel Mark Fraser 60 1 2 2
2 Philip Larsen Mark Mitera 40 1 2 2
Penalty Kill - 3 Players Forward
Forward Time % Phy DF OF
1 Andrei Loktionov 60 1 2 2
2 Brian Gionta 40 1 2 2
Penalty Kill - 3 Players Defense
Defense Defense Time % Phy DF OF
1 Stu Bickel Mark Fraser 60 1 2 2
2 Philip Larsen Mark Mitera 40 1 2 2
4 vs 4 Forward
Center Wing Time % Phy DF OF
1 Andrei Loktionov Brian Gionta 60 1 2 2
2 Yan Stastny Jiri Tlusty 40 1 2 2
4 vs 4 Defense
Defense Defense Time % Phy DF OF
1 Stu Bickel Mark Fraser 60 1 2 2
2 Philip Larsen Mark Mitera 40 1 2 2
Last Minutes Offensive
Center Left Wing Right Wing Defense Defense
Andrei Loktionov Nick Spaling Brian Gionta Stu Bickel Mark Fraser
Last Minutes Defensive
Center Left Wing Right Wing Defense Defense
Andrei Loktionov Nick Spaling Brian Gionta Stu Bickel Mark Fraser
Goaltenders
Starting : Tobias Stephan
Backup : Allen York
Extra Forwards
Normal : David Desharnais, James Sheppard, Jordan Caron - PP : David Desharnais, James Sheppard - PK : Jordan Caron
Extra Defensemen
Normal : David Kolomatis, Greg Pateryn, Philip Larsen - PP : David Kolomatis - PK : Greg Pateryn, Philip Larsen
Penalty Shots
Andrei Loktionov, Brian Gionta, Yan Stastny, Jiri Tlusty, David Desharnais
% Time on Ice - Ice Dragons
Lines # - Real PCT - Wanted PCT - Time Play
Normal Forward
1 - 37% - 40% - 16:25
2 - 28% - 30% - 12:31
3 - 21% - 20% - 9:19
4 - 13% - 10% - 5:48
Normal Defense
1 - 42% - 40% - 18:17
2 - 30% - 30% - 13:15
3 - 24% - 20% - 10:27
4 - 5% - 10% - 2:04
PP Forward
1 - 55% - 60% - 2:16
2 - 45% - 40% - 1:53
PP Defense
1 - 61% - 60% - 2:32
2 - 39% - 40% - 1:37
PK Forward
1 - 65% - 60% - 6:59
2 - 35% - 40% - 3:47
PK Defense
1 - 55% - 60% - 5:54
2 - 45% - 40% - 4:52
PK3 Forward
1 - 0% - 60%
2 - 0% - 40%
PK3 Defense
1 - 0% - 60%
2 - 0% - 40%
44 Forward
1 - 0% - 60%
2 - 0% - 40%
44 Defense
1 - 0% - 60%
2 - 0% - 40%
Last Minute Offensive - 1:02
Last Minute Defensive - 0:00
Total
Forward - 60:00
Defense - 60:00
|
% Time on Ice - Staline
Lines # - Real PCT - Wanted PCT - Time Play
Normal Forward
1 - 33% - 40% - 14:28
2 - 27% - 30% - 12:06
3 - 24% - 20% - 10:41
4 - 16% - 10% - 6:51
Normal Defense
1 - 40% - 40% - 17:40
2 - 36% - 30% - 15:47
3 - 23% - 20% - 10:00
4 - 1% - 10% - 0:39
PP Forward
1 - 57% - 60% - 6:10
2 - 43% - 40% - 4:36
PP Defense
1 - 55% - 60% - 5:57
2 - 45% - 40% - 4:49
PK Forward
1 - 87% - 60% - 3:36
2 - 13% - 40% - 0:33
PK Defense
1 - 55% - 60% - 2:16
2 - 45% - 40% - 1:53
PK3 Forward
1 - 0% - 60%
2 - 0% - 40%
PK3 Defense
1 - 0% - 60%
2 - 0% - 40%
44 Forward
1 - 0% - 60%
2 - 0% - 40%
44 Defense
1 - 0% - 60%
2 - 0% - 40%
Last Minute Offensive - 0:00
Last Minute Defensive - 0:59
Total
Forward - 60:00
Defense - 60:00
|
Play by Play
1st period
0:01 of 1st period - Patrick O'Sullivan wins face-off versus Andrei Loktionov in neutral zone.
0:32 of 1st period - Slapshot by Troy Brouwer.
0:32 of 1st period - Shot Blocked by Stu Bickel.
0:34 of 1st period - Slapshot by Francis Bouillon.
0:34 of 1st period - Stopped by Tobias Stephan with a rebound.
0:51 of 1st period - Mark Fraser is hit by Raymond Sawada and loses puck.
1:14 of 1st period - Slapshot by Cody Eakin.
1:14 of 1st period - Shot Misses the Net.
1:52 of 1st period - Snap shot by Patrick O'Sullivan.
1:52 of 1st period - Shot Misses the Net.
1:58 of 1st period - Yan Stastny is hit by Boris Valabik and loses puck.
2:31 of 1st period - Wrist shot by Patrick O'Sullivan.
2:31 of 1st period - Stopped by Tobias Stephan without a rebound.
2:32 of 1st period - Andrei Loktionov wins face-off versus Martin Hanzal in Staline zone.
3:05 of 1st period - Greg Pateryn is hit by Oskar Osala and loses puck.
3:16 of 1st period - Danny Syvret is hit by Greg Pateryn and loses puck.
4:04 of 1st period - Snap shot by Andrei Loktionov.
4:04 of 1st period - Shot Misses the Net.
4:20 of 1st period - Icing by Jiri Tlusty.
4:21 of 1st period - Marek Viedensky wins face-off versus Yan Stastny in Staline zone.
4:48 of 1st period - Greg Pateryn is hit by Tyler Haskins and loses puck.
5:03 of 1st period - Slapshot by Tyler Haskins.
5:03 of 1st period - Deflect By Yan Stastny.
5:03 of 1st period - Shot Misses the Net.
5:03 of 1st period - Puck is out of play.
5:04 of 1st period - Andrei Loktionov wins face-off versus Patrick O'Sullivan in Staline zone.
5:17 of 1st period - Snap shot by Andrei Loktionov.
5:17 of 1st period - Shot Misses the Net.
5:29 of 1st period - Troy Brouwer is hit by David Desharnais and loses puck.
5:45 of 1st period - Penalty Shot by Stu Bickel for Staline.
5:45 of 1st period - Snap shot by Stu Bickel.
5:45 of 1st period - Shot Misses the Net.
5:46 of 1st period - Andrei Loktionov wins face-off versus Patrick O'Sullivan in Staline zone.
5:51 of 1st period - Ian Cole is hit by Brian Gionta and loses puck.
6:46 of 1st period - Snap shot by Patrick O'Sullivan.
6:46 of 1st period - Shot Misses the Net.
6:48 of 1st period - Slapshot by Ian Cole.
6:48 of 1st period - Shot Blocked by Stu Bickel.
6:50 of 1st period - Snap shot by Oskar Osala.
6:50 of 1st period - Goal by Oskar Osala - Ice Dragons : 1 - Staline : 0.
6:51 of 1st period - Andrei Loktionov wins face-off versus Martin Hanzal in neutral zone.
7:46 of 1st period - Off-side.
7:47 of 1st period - Andrei Loktionov wins face-off versus Patrick O'Sullivan in neutral zone.
7:58 of 1st period - Snap shot by Brian Gionta.
7:58 of 1st period - Shot Blocked by Danny Syvret.
8:00 of 1st period - Slapshot by Mark Fraser.
8:00 of 1st period - Deflect By Oskar Osala.
8:00 of 1st period - Stopped by Justin Pogge with a rebound.
8:08 of 1st period - Minor Penalty to Oskar Osala for Tripping.
8:09 of 1st period - Nick Spaling wins face-off versus Cal Clutterbuck in Ice Dragons zone.
8:34 of 1st period - Cal Clutterbuck is hit by Jiri Tlusty and loses puck.
9:00 of 1st period - Troy Brouwer is hit by Bryan Bickell.
9:12 of 1st period - Troy Brouwer is hit by Bryan Bickell and loses puck.
9:53 of 1st period - Stu Bickel is hit by Marek Viedensky and loses puck.
10:08 of 1st period - Penalty to Oskar Osala is over, Oskar Osala is back on ice.
10:22 of 1st period - Oskar Osala is hit by Yan Stastny and loses puck.
10:33 of 1st period - Wrist shot by Jiri Tlusty.
10:33 of 1st period - Shot Blocked by Oskar Osala.
10:35 of 1st period - Snap shot by Stu Bickel.
10:35 of 1st period - Shot Misses the Net.
11:47 of 1st period - Wrist shot by Jiri Tlusty.
11:47 of 1st period - Stopped by Justin Pogge without a rebound.
11:47 of 1st period - Minor Penalty to Justin Pogge for Slashing.
11:48 of 1st period - Niklas Sundstrom wins face-off versus Brian Gionta in Ice Dragons zone.
12:16 of 1st period - Niklas Sundstrom is hit by Philip Larsen and loses puck.
12:27 of 1st period - Wrist shot by Andrei Loktionov.
12:27 of 1st period - Goal by Andrei Loktionov - Ice Dragons : 1 - Staline : 1.
12:28 of 1st period - David Desharnais wins face-off versus Tyler Haskins in neutral zone.
12:31 of 1st period - Brayden McNabb is hit by Jordan Caron and loses puck.
13:01 of 1st period - Double Minor Penalty to Troy Brouwer for High sticking.
13:02 of 1st period - Andrei Loktionov wins face-off versus Jordan LaVallee in Ice Dragons zone.
13:04 of 1st period - Wrist shot by Brian Gionta.
13:04 of 1st period - Stopped by Justin Pogge without a rebound.
13:05 of 1st period - Jordan LaVallee wins face-off versus Andrei Loktionov in Ice Dragons zone.
13:44 of 1st period - Brayden McNabb is hit by Stu Bickel and loses puck.
15:06 of 1st period - Icing by Philip Larsen.
15:07 of 1st period - Andrei Loktionov wins face-off versus Marek Viedensky in Staline zone.
17:01 of 1st period - Penalty to Troy Brouwer is over, Troy Brouwer is back on ice.
17:23 of 1st period - Slapshot by Martin Hanzal.
17:23 of 1st period - Shot Misses the Net.
18:05 of 1st period - Snap shot by Oskar Osala.
18:05 of 1st period - Stopped by Tobias Stephan without a rebound.
18:06 of 1st period - Patrick O'Sullivan wins face-off versus Andrei Loktionov in Staline zone.
18:29 of 1st period - Bryan Bickell is hit by Tyler Haskins and loses puck.
19:04 of 1st period - Marek Viedensky is hit by Mark Stone and loses puck.
19:19 of 1st period - Nick Spaling is hit by Oskar Osala.
19:20 of 1st period - Icing by Nick Spaling.
19:21 of 1st period - Andrei Loktionov wins face-off versus Patrick O'Sullivan in Staline zone.
19:36 of 1st period - Snap shot by Brian Gionta.
19:36 of 1st period - Shot Blocked by Cal Clutterbuck.
19:52 of 1st period - Wrist shot by Martin Hanzal.
19:52 of 1st period - Shot Misses the Net.
19:54 of 1st period - Slapshot by Brayden McNabb.
19:54 of 1st period - Shot Misses the Net.
19:56 of 1st period - Slapshot by Brayden McNabb.
19:56 of 1st period - Shot Blocked by Bryan Bickell.
19:58 of 1st period - Snap shot by Niklas Sundstrom.
19:58 of 1st period - Shot Misses the Net.
Goals for this period are 1 for Ice Dragons vs 1 for Staline.
Shots for this period are 4 for Ice Dragons vs 4 for Staline.
2nd period
0:01 of 2nd period - Martin Hanzal wins face-off versus Andrei Loktionov in neutral zone.
0:05 of 2nd period - Minor Penalty to Nick Spaling for Holding Stick.
0:06 of 2nd period - Patrick O'Sullivan wins face-off versus Andrei Loktionov in Staline zone.
0:16 of 2nd period - Slapshot by Niklas Sundstrom.
0:16 of 2nd period - Goal by Niklas Sundstrom - Ice Dragons : 2 - Staline : 1.
0:17 of 2nd period - Andrei Loktionov wins face-off versus Martin Hanzal in neutral zone.
0:30 of 2nd period - Wrist shot by Troy Brouwer.
0:30 of 2nd period - Shot Blocked by Mark Fraser.
0:32 of 2nd period - Slapshot by Francis Bouillon.
0:32 of 2nd period - Stopped by Tobias Stephan with a rebound.
0:42 of 2nd period - Jordan LaVallee is hit by Bryan Bickell and loses puck.
1:03 of 2nd period - Wrist shot by Oskar Osala.
1:03 of 2nd period - Stopped by Tobias Stephan with a rebound.
1:05 of 2nd period - Snap shot by Oskar Osala.
1:05 of 2nd period - Shot Misses the Net.
1:07 of 2nd period - Snap shot by Oskar Osala.
1:07 of 2nd period - Stopped by Tobias Stephan with a rebound.
1:09 of 2nd period - Backhand shot by Oskar Osala.
1:09 of 2nd period - Stopped by Tobias Stephan with a rebound.
1:11 of 2nd period - Snap shot by Boris Valabik.
1:11 of 2nd period - Stopped by Tobias Stephan with a rebound.
2:03 of 2nd period - Snap shot by Oskar Osala.
2:03 of 2nd period - Shot Misses the Net.
2:05 of 2nd period - Slapshot by Patrick O'Sullivan.
2:05 of 2nd period - Stopped by Tobias Stephan without a rebound.
2:06 of 2nd period - Patrick O'Sullivan wins face-off versus Andrei Loktionov in Staline zone.
2:19 of 2nd period - Snap shot by Cal Clutterbuck.
2:19 of 2nd period - Stopped by Tobias Stephan without a rebound.
2:20 of 2nd period - Andrei Loktionov wins face-off versus Martin Hanzal in Staline zone.
2:52 of 2nd period - Jordan LaVallee is hit by Jiri Tlusty and loses puck.
3:29 of 2nd period - Wrist shot by Niklas Sundstrom.
3:29 of 2nd period - Shot Blocked by David Kolomatis.
3:31 of 2nd period - Slapshot by Danny Syvret.
3:31 of 2nd period - Deflect By Andrei Loktionov.
3:31 of 2nd period - Stopped by Tobias Stephan with a rebound.
3:33 of 2nd period - Slapshot by Danny Syvret.
3:33 of 2nd period - Stopped by Tobias Stephan with a rebound.
3:49 of 2nd period - Wrist shot by Cody Eakin.
3:49 of 2nd period - Stopped by Justin Pogge without a rebound.
3:50 of 2nd period - Patrick O'Sullivan wins face-off versus Brian Gionta in Ice Dragons zone.
3:52 of 2nd period - Minor Penalty to Oskar Osala for Tripping.
3:53 of 2nd period - Andrei Loktionov wins face-off versus Jordan LaVallee in Ice Dragons zone.
3:53 of 2nd period - Slapshot by Brian Gionta.
3:53 of 2nd period - Shot Misses the Net.
3:55 of 2nd period - Snap shot by Andrei Loktionov.
3:55 of 2nd period - Stopped by Justin Pogge with a rebound.
3:57 of 2nd period - Slapshot by Stu Bickel.
3:57 of 2nd period - Shot Misses the Net.
3:59 of 2nd period - Snap shot by Brian Gionta.
3:59 of 2nd period - Goal by Brian Gionta - Ice Dragons : 2 - Staline : 2.
4:00 of 2nd period - Martin Hanzal wins face-off versus Andrei Loktionov in neutral zone.
4:10 of 2nd period - Minor Penalty to Philip Larsen for Roughing.
4:11 of 2nd period - Andrei Loktionov wins face-off versus Patrick O'Sullivan in Staline zone.
4:41 of 2nd period - Martin Hanzal is hit by Brian Gionta and loses puck.
4:52 of 2nd period - Yan Stastny is hit by Oskar Osala and loses puck.
5:46 of 2nd period - Oskar Osala is hit by Mark Fraser and loses puck.
6:05 of 2nd period - David Kolomatis is hit by Francis Bouillon and loses puck.
6:10 of 2nd period - Penalty to Philip Larsen is over, Philip Larsen is back on ice.
6:24 of 2nd period - Tomas Kudelka is hit by Philip Larsen and loses puck.
6:51 of 2nd period - Slapshot by Mark Mitera.
6:51 of 2nd period - Shot Misses the Net.
7:37 of 2nd period - Stu Bickel is hit by Cal Clutterbuck and loses puck.
8:15 of 2nd period - Icing by Greg Pateryn.
8:16 of 2nd period - Yan Stastny wins face-off versus Marek Viedensky in Staline zone.
8:43 of 2nd period - Snap shot by Andrei Loktionov.
8:43 of 2nd period - Shot Misses the Net.
8:45 of 2nd period - Slapshot by Mark Fraser.
8:45 of 2nd period - Stopped by Justin Pogge without a rebound.
8:46 of 2nd period - Martin Hanzal wins face-off versus Andrei Loktionov in Ice Dragons zone.
8:46 of 2nd period - Martin Hanzal is hit by Andrei Loktionov.
8:49 of 2nd period - Minor Penalty to Francis Bouillon for High sticking.
8:50 of 2nd period - Andrei Loktionov wins face-off versus Jordan LaVallee in Ice Dragons zone.
8:50 of 2nd period - Snap shot by Nick Spaling.
8:50 of 2nd period - Shot Misses the Net.
8:52 of 2nd period - Slapshot by Stu Bickel.
8:52 of 2nd period - Staline goal is going for a video replay.
8:52 of 2nd period - The goal is good.
8:52 of 2nd period - Goal by Stu Bickel - Ice Dragons : 2 - Staline : 3.
8:53 of 2nd period - Martin Hanzal wins face-off versus Andrei Loktionov in neutral zone.
9:00 of 2nd period - Wrist shot by Andrei Loktionov.
9:00 of 2nd period - Shot Blocked by Brayden McNabb.
9:28 of 2nd period - Snap shot by Patrick O'Sullivan.
9:28 of 2nd period - Stopped by Tobias Stephan without a rebound.
9:29 of 2nd period - Yan Stastny wins face-off versus Patrick O'Sullivan in Staline zone.
9:29 of 2nd period - Yan Stastny is hit by Patrick O'Sullivan.
9:35 of 2nd period - Slapshot by Philip Larsen.
9:35 of 2nd period - Stopped by Justin Pogge with a rebound.
9:43 of 2nd period - Wrist shot by Yan Stastny.
9:43 of 2nd period - Deflect By Jiri Tlusty.
9:43 of 2nd period - Stopped by Justin Pogge with a rebound.
10:32 of 2nd period - Slapshot by Patrick O'Sullivan.
10:32 of 2nd period - Shot Blocked by Brian Gionta.
10:34 of 2nd period - Slapshot by Boris Valabik.
10:34 of 2nd period - Shot Blocked by Mark Mitera.
10:38 of 2nd period - Slapshot by Cal Clutterbuck.
10:38 of 2nd period - Shot Misses the Net.
10:46 of 2nd period - Snap shot by Patrick O'Sullivan.
10:46 of 2nd period - Shot Misses the Net.
10:48 of 2nd period - Slapshot by Oskar Osala.
10:48 of 2nd period - Shot Blocked by Mark Mitera.
10:58 of 2nd period - Slapshot by Cal Clutterbuck.
10:58 of 2nd period - Shot Misses the Net.
11:00 of 2nd period - Slapshot by Boris Valabik.
11:00 of 2nd period - Shot Misses the Net.
11:14 of 2nd period - Wrist shot by Cal Clutterbuck.
11:14 of 2nd period - Shot Misses the Net.
11:16 of 2nd period - Snap shot by Patrick O'Sullivan.
11:16 of 2nd period - Deflect By Cal Clutterbuck.
11:16 of 2nd period - Shot Misses the Net.
11:16 of 2nd period - Puck is out of play.
11:17 of 2nd period - Yan Stastny wins face-off versus Martin Hanzal in Staline zone.
11:44 of 2nd period - Stu Bickel is hit by Tyler Haskins and loses puck.
11:48 of 2nd period - Icing by David Desharnais.
11:49 of 2nd period - Jordan Caron wins face-off versus Tyler Haskins in Staline zone.
12:10 of 2nd period - Slapshot by David Desharnais.
12:10 of 2nd period - Shot Misses the Net.
12:12 of 2nd period - Slapshot by David Desharnais.
12:12 of 2nd period - Shot Misses the Net.
12:14 of 2nd period - Snap shot by David Desharnais.
12:14 of 2nd period - Stopped by Justin Pogge with a rebound.
12:16 of 2nd period - Slapshot by Stu Bickel.
12:16 of 2nd period - Stopped by Justin Pogge with a rebound.
13:13 of 2nd period - Slapshot by James Sheppard.
13:13 of 2nd period - Shot Misses the Net.
13:15 of 2nd period - Snap shot by James Sheppard.
13:15 of 2nd period - Stopped by Justin Pogge without a rebound.
13:16 of 2nd period - Martin Hanzal wins face-off versus Yan Stastny in Ice Dragons zone.
13:21 of 2nd period - Mark Mitera is hit by Troy Brouwer and loses puck.
13:30 of 2nd period - Slapshot by Yan Stastny.
13:30 of 2nd period - Deflect By Martin Hanzal.
13:30 of 2nd period - Shot Misses the Net.
13:30 of 2nd period - Puck is out of play.
13:31 of 2nd period - Andrei Loktionov wins face-off versus Niklas Sundstrom in Ice Dragons zone.
13:34 of 2nd period - Wrist shot by Brian Gionta.
13:34 of 2nd period - Stopped by Justin Pogge with a rebound.
13:36 of 2nd period - Slapshot by Brian Gionta.
13:36 of 2nd period - Stopped by Justin Pogge without a rebound.
13:37 of 2nd period - Andrei Loktionov wins face-off versus Martin Hanzal in Ice Dragons zone.
13:38 of 2nd period - Snap shot by Brian Gionta.
13:38 of 2nd period - Shot Misses the Net.
13:40 of 2nd period - Snap shot by Brian Gionta.
13:40 of 2nd period - Stopped by Justin Pogge without a rebound.
13:41 of 2nd period - Martin Hanzal wins face-off versus Andrei Loktionov in Ice Dragons zone.
13:48 of 2nd period - Slapshot by Andrei Loktionov.
13:48 of 2nd period - Deflect By Nick Spaling.
13:48 of 2nd period - Shot Misses the Net.
13:48 of 2nd period - Puck is out of play.
13:49 of 2nd period - Andrei Loktionov wins face-off versus Martin Hanzal in Ice Dragons zone.
13:57 of 2nd period - Minor Penalty to Troy Brouwer for Hooking.
13:58 of 2nd period - Andrei Loktionov wins face-off versus Jordan LaVallee in Ice Dragons zone.
13:58 of 2nd period - Snap shot by Brian Gionta.
13:58 of 2nd period - Stopped by Justin Pogge with a rebound.
15:57 of 2nd period - Penalty to Troy Brouwer is over, Troy Brouwer is back on ice.
16:09 of 2nd period - David Desharnais is hit by Marek Viedensky.
Goals for this period are 1 for Ice Dragons vs 2 for Staline.
Shots for this period are 11 for Ice Dragons vs 14 for Staline.
3rd period
0:01 of 3rd period - Martin Hanzal wins face-off versus Andrei Loktionov in neutral zone.
0:12 of 3rd period - Snap shot by Martin Hanzal.
0:12 of 3rd period - Deflect By Troy Brouwer.
0:12 of 3rd period - Stopped by Tobias Stephan with a rebound.
0:14 of 3rd period - Snap shot by Boris Valabik.
0:14 of 3rd period - Shot Misses the Net.
0:16 of 3rd period - Slapshot by Boris Valabik.
0:16 of 3rd period - Shot Misses the Net.
0:31 of 3rd period - Philip Larsen is hit by Oskar Osala and loses puck.
1:16 of 3rd period - Danny Syvret is hit by Mark Mitera and loses puck.
1:39 of 3rd period - Tomas Kudelka is hit by Nick Spaling and loses puck.
2:27 of 3rd period - Slapshot by Yan Stastny.
2:27 of 3rd period - Shot Blocked by Niklas Sundstrom.
3:00 of 3rd period - James Sheppard is hit by Tyler Haskins and loses puck.
3:31 of 3rd period - Slapshot by Andrei Loktionov.
3:31 of 3rd period - Stopped by Justin Pogge without a rebound.
3:32 of 3rd period - Andrei Loktionov wins face-off versus Tyler Haskins in Ice Dragons zone.
3:49 of 3rd period - Snap shot by Martin Hanzal.
3:49 of 3rd period - Shot Misses the Net.
4:37 of 3rd period - Niklas Sundstrom is hit by Yan Stastny and loses puck.
4:42 of 3rd period - Wrist shot by Yan Stastny.
4:42 of 3rd period - Stopped by Justin Pogge with a rebound.
4:44 of 3rd period - Wrist shot by Bryan Bickell.
4:44 of 3rd period - Shot Misses the Net.
4:46 of 3rd period - Slapshot by Jiri Tlusty.
4:46 of 3rd period - Shot Blocked by Tomas Kudelka.
4:48 of 3rd period - Snap shot by Yan Stastny.
4:48 of 3rd period - Stopped by Justin Pogge without a rebound.
4:49 of 3rd period - Andrei Loktionov wins face-off versus Patrick O'Sullivan in Ice Dragons zone.
4:56 of 3rd period - Snap shot by Brian Gionta.
4:56 of 3rd period - Shot Blocked by Francis Bouillon.
4:58 of 3rd period - Snap shot by Greg Pateryn.
4:58 of 3rd period - Shot Hit the Post.
5:00 of 3rd period - Snap shot by Brian Gionta.
5:00 of 3rd period - Shot Blocked by Oskar Osala.
5:02 of 3rd period - Snap shot by Nick Spaling.
5:02 of 3rd period - Shot Misses the Net.
6:06 of 3rd period - Wrist shot by Troy Brouwer.
6:06 of 3rd period - Stopped by Tobias Stephan with a rebound.
6:40 of 3rd period - Snap shot by Jordan LaVallee.
6:40 of 3rd period - Stopped by Tobias Stephan without a rebound.
6:41 of 3rd period - Cody Eakin wins face-off versus Tyler Haskins in Staline zone.
6:46 of 3rd period - Wrist shot by Raymond Sawada.
6:46 of 3rd period - Shot Blocked by Mark Stone.
6:56 of 3rd period - Snap shot by Philip Larsen.
6:56 of 3rd period - Stopped by Justin Pogge with a rebound.
6:58 of 3rd period - Snap shot by Cody Eakin.
6:58 of 3rd period - Shot Blocked by Tyler Haskins.
7:00 of 3rd period - Wrist shot by Cody Eakin.
7:00 of 3rd period - Shot Misses the Net.
7:02 of 3rd period - Slapshot by Mark Mitera.
7:02 of 3rd period - Deflect By Jiri Sekac.
7:02 of 3rd period - Shot Misses the Net.
7:02 of 3rd period - Puck is out of play.
7:03 of 3rd period - Andrei Loktionov wins face-off versus Patrick O'Sullivan in Ice Dragons zone.
7:06 of 3rd period - Snap shot by Brian Gionta.
7:06 of 3rd period - Stopped by Justin Pogge with a rebound.
7:08 of 3rd period - Snap shot by Andrei Loktionov.
7:08 of 3rd period - Deflect By Nick Spaling.
7:08 of 3rd period - Stopped by Justin Pogge without a rebound.
7:09 of 3rd period - Andrei Loktionov wins face-off versus Patrick O'Sullivan in Ice Dragons zone.
7:20 of 3rd period - Wrist shot by Andrei Loktionov.
7:20 of 3rd period - Stopped by Justin Pogge with a rebound.
7:22 of 3rd period - Wrist shot by Brian Gionta.
7:22 of 3rd period - Shot Misses the Net.
7:24 of 3rd period - Slapshot by Mark Fraser.
7:24 of 3rd period - Stopped by Justin Pogge with a rebound.
8:37 of 3rd period - Snap shot by Niklas Sundstrom.
8:37 of 3rd period - Deflect By Raymond Sawada.
8:37 of 3rd period - Stopped by Tobias Stephan with a rebound.
9:19 of 3rd period - Wrist shot by Cal Clutterbuck.
9:19 of 3rd period - Stopped by Tobias Stephan without a rebound.
9:20 of 3rd period - Patrick O'Sullivan wins face-off versus Nick Spaling in Staline zone.
9:53 of 3rd period - Snap shot by Cal Clutterbuck.
9:53 of 3rd period - Stopped by Tobias Stephan without a rebound.
9:54 of 3rd period - Andrei Loktionov wins face-off versus Martin Hanzal in Staline zone.
10:00 of 3rd period - Off-side.
10:01 of 3rd period - Andrei Loktionov wins face-off versus Martin Hanzal in neutral zone.
10:32 of 3rd period - Wrist shot by Raymond Sawada.
10:32 of 3rd period - Shot Misses the Net.
10:34 of 3rd period - Minor Penalty to Brian Gionta for Roughing.
10:35 of 3rd period - Patrick O'Sullivan wins face-off versus Andrei Loktionov in Staline zone.
10:36 of 3rd period - Snap shot by Niklas Sundstrom.
10:36 of 3rd period - Stopped by Tobias Stephan with a rebound.
10:38 of 3rd period - Wrist shot by Niklas Sundstrom.
10:38 of 3rd period - Shot Misses the Net.
10:44 of 3rd period - Wrist shot by Oskar Osala.
10:44 of 3rd period - Shot Misses the Net.
11:32 of 3rd period - Icing by Troy Brouwer.
11:33 of 3rd period - Andrei Loktionov wins face-off versus Martin Hanzal in Ice Dragons zone.
12:34 of 3rd period - Penalty to Brian Gionta is over, Brian Gionta is back on ice.
12:38 of 3rd period - Wrist shot by Brian Gionta.
12:38 of 3rd period - Shot Blocked by Francis Bouillon.
12:52 of 3rd period - Snap shot by Tyler Haskins.
12:52 of 3rd period - Stopped by Tobias Stephan with a rebound.
13:02 of 3rd period - Slapshot by Mark Mitera.
13:02 of 3rd period - Shot Misses the Net.
13:55 of 3rd period - Snap shot by Brian Gionta.
13:55 of 3rd period - Shot Blocked by Raymond Sawada.
14:17 of 3rd period - Minor Penalty to Ryan Reaves for Hooking.
14:18 of 3rd period - Jordan LaVallee wins face-off versus Andrei Loktionov in Ice Dragons zone.
14:35 of 3rd period - Boris Valabik is hit by Brian Gionta and loses puck.
14:50 of 3rd period - Snap shot by Andrei Loktionov.
14:50 of 3rd period - Stopped by Justin Pogge without a rebound.
14:51 of 3rd period - Niklas Sundstrom wins face-off versus Yan Stastny in Ice Dragons zone.
15:08 of 3rd period - Cal Clutterbuck is hit by Bryan Bickell and loses puck.
16:07 of 3rd period - Icing by Yan Stastny.
16:08 of 3rd period - Marek Viedensky wins face-off versus Yan Stastny in Staline zone.
16:17 of 3rd period - Penalty to Ryan Reaves is over, Ryan Reaves is back on ice.
16:24 of 3rd period - Snap shot by Martin Hanzal.
16:24 of 3rd period - Stopped by Tobias Stephan with a rebound.
16:26 of 3rd period - Slapshot by Francis Bouillon.
16:26 of 3rd period - Deflect By Martin Hanzal.
16:26 of 3rd period - Stopped by Tobias Stephan without a rebound.
16:27 of 3rd period - Martin Hanzal wins face-off versus David Desharnais in Staline zone.
17:01 of 3rd period - Wrist shot by Andrei Loktionov.
17:01 of 3rd period - Stopped by Justin Pogge with a rebound.
17:03 of 3rd period - Slapshot by Nick Spaling.
17:03 of 3rd period - Stopped by Justin Pogge without a rebound.
17:04 of 3rd period - David Desharnais wins face-off versus Patrick O'Sullivan in Ice Dragons zone.
17:33 of 3rd period - Wrist shot by Raymond Sawada.
17:33 of 3rd period - Stopped by Tobias Stephan without a rebound.
17:34 of 3rd period - Andrei Loktionov wins face-off versus Jordan LaVallee in Staline zone.
17:39 of 3rd period - Tomas Kudelka is hit by Andrei Loktionov.
18:08 of 3rd period - Wrist shot by Oskar Osala.
18:08 of 3rd period - Stopped by Tobias Stephan with a rebound.
18:25 of 3rd period - Boris Valabik is hit by Mark Fraser and loses puck.
18:30 of 3rd period - Snap shot by Yan Stastny.
18:30 of 3rd period - Shot Misses the Net.
18:32 of 3rd period - Slapshot by Stu Bickel.
18:32 of 3rd period - Shot Blocked by Patrick O'Sullivan.
18:34 of 3rd period - Slapshot by Stu Bickel.
18:34 of 3rd period - Stopped by Justin Pogge with a rebound.
18:48 of 3rd period - Ice Dragons, Justin Pogge is pulled from the net.
19:04 of 3rd period - Slapshot by Niklas Sundstrom.
19:04 of 3rd period - Shot Blocked by Brian Gionta.
19:06 of 3rd period - Wrist shot by Troy Brouwer.
19:06 of 3rd period - Shot Blocked by Andrei Loktionov.
19:08 of 3rd period - Slapshot by Niklas Sundstrom.
19:08 of 3rd period - Shot Blocked by Mark Fraser.
19:46 of 3rd period - Wrist shot by Troy Brouwer.
19:46 of 3rd period - Shot Hit the Post.
19:48 of 3rd period - Snap shot by Danny Syvret.
19:48 of 3rd period - Stopped by Tobias Stephan with a rebound.
19:50 of 3rd period - Snap shot by Tyler Haskins.
19:50 of 3rd period - Shot Misses the Net.
19:52 of 3rd period - Wrist shot by Niklas Sundstrom.
19:52 of 3rd period - Stopped by Tobias Stephan with a rebound.
19:54 of 3rd period - Wrist shot by Brayden McNabb.
19:54 of 3rd period - Shot Misses the Net.
19:56 of 3rd period - Slapshot by Danny Syvret.
19:56 of 3rd period - Deflect By Troy Brouwer.
19:56 of 3rd period - Stopped by Tobias Stephan without a rebound.
19:57 of 3rd period - Darryl Sutter call a timeout for Ice Dragons.
19:57 of 3rd period - Andrei Loktionov wins face-off versus Tyler Haskins in Staline zone.
19:57 of 3rd period - Andrei Loktionov is hit by Brayden McNabb.
Goals for this period are 0 for Ice Dragons vs 0 for Staline.
Shots for this period are 15 for Ice Dragons vs 12 for Staline.
Back to the Top